 Dungeon Crawl Stone Soup version 0.29.1-2-gbd0b4ee654 (webtiles) character file.

Game seed: 9812828222881941583

305 nshep25 the Twirler (level 6, 0/46 HPs)
             Began as a Demonspawn Gladiator on Nov 3, 2022.
             Was an Initiate of Wu Jian.
             Succumbed to an adder's poison
             ... on level 5 of the Dungeon.
             The game lasted 00:10:04 (4319 turns).

nshep25 the Twirler (Demonspawn Gladiator)          Turns: 4319, Time: 00:10:04

Health: 0/46       AC:  5    Str: 14    XL:     6   Next: 15%
Magic:  6/7        EV: 16    Int: 10    God:    Wu Jian [......]
Gold:   206        SH:  0    Dex: 16    Spells: 5/5 levels left

rFire   + . .      SeeInvis .   y - +0 falchion
rCold   + . .      Faith    .   (no shield)
rNeg    . . .      Spirit   .   b - +0 leather armour
rPois   +          Reflect  .   c - +0 helmet
rElec   +          Harm     .   (no cloak)
rCorr   +          Rampage  .   (no gloves)
Will    .....                   t - +0 pair of boots
Stlth   ++........              l - amulet of the acrobat
HPRegen 0.15/turn               r - ring of resist corrosion
MPRegen 0.10/turn               (no ring)

@: brilliant, lethally poisoned (0 -> -2), resistant, attractive, hasted, very
quick
A: repulsion field 2, high MP 1, wild magic 1
a: Renounce Religion


You were on level 5 of the Dungeon.
You worshipped Wu Jian.
Wu Jian was noncommittal.
You visited 1 branch of the dungeon, and saw 5 of its levels.

You collected 206 gold pieces.

Inventory:

Hand Weapons
 a - a +0 quarterstaff
 y - a +0 falchion (weapon)
Missiles
 d - 3 throwing nets (quivered)
 e - a javelin
Armour
 b - a +0 leather armour (worn)
 c - a +0 helmet (worn)
 t - a +0 pair of boots (worn)
Magical Staves
 x - a staff of poison
Jewellery
 l - an amulet of the acrobat (around neck)
 r - a ring of resist corrosion (left hand)
Wands
 v - a wand of mindburst (5)
Scrolls
 f - 6 scrolls of teleportation {unknown}
 g - 2 scrolls of vulnerability {unknown}
 j - a scroll of identify {unknown}
 o - 2 scrolls of poison {unknown}
 q - a scroll of acquirement {unknown}
 s - a scroll of amnesia {unknown}
 u - a scroll of enchant armour {unknown}
 w - a scroll of blinking {unknown}
 D - a scroll of magic mapping {unknown}
Potions
 h - a potion of haste
 i - a potion of lignification {unknown}
 k - 2 potions of mutation
 n - a potion of resistance
 z - a potion of flight {unknown}
 A - a potion of berserk rage {unknown}
 B - a potion of might {unknown}
 C - a potion of curing {unknown}
 E - a potion of degeneration {unknown}


   Skills:
 + Level 2.7 Fighting
 + Level 0.4 Long Blades
 + Level 4.6 Staves
 + Level 1.8 Throwing
 + Level 1.9 Armour
 + Level 3.6 Dodging
 + Level 1.2 Stealth
 + Level 0.2 Spellcasting


You had 5 spell levels left.
You didn't know any spells.
Your spell library contained the following spells:

 Spells                   Type           Power      Damage    Failure   Level
 Confusing Touch          Hex            0%         N/A       86%         3
 Yara's Violent Unravell  Hex/Tmut       0%         3d3       100%        5
 Enfeeble                 Hex            0%         N/A       100%        7


Dungeon Overview and Level Annotations

Branches:
Dungeon (5/15)
 Temple: D:4-7

Altars:
Fedhas
Gozag
Kikubaaqudgha
Okawaru
Qazlal
Ru
Wu Jian
Yredelemnul

Portals:
Sewer: D:5

Annotations:
D:4 3 runed translucent doors, deadpool521's ghost, weakling DrCA; retardedninja's ghost, amateur HOFi; safid's ghost, amateur MiHu; xian's ghost, novice DsIE


Innate Abilities, Weirdness & Mutations

You are surrounded by a moderate repulsion field. (EV +3)
You have an increased reservoir of magic. (+10% MP)
Your spells are a little harder to cast, but a little more powerful.


Message History

The adder is severely wounded.
* * * LOW HITPOINT WARNING * * *
You feel very sick. The adder closely misses you. The adder bites you.
* * * LOW HITPOINT WARNING * * *
You are lethally poisoned!
The adder poisons you!
You closely miss the adder.
The adder is severely wounded.
* * * LOW HITPOINT WARNING * * *
You feel very sick. The adder bites you but does no damage.
You closely miss the adder.
The adder is severely wounded.
* * * LOW HITPOINT WARNING * * *
You feel very sick. The adder misses you. The adder closely misses you.
You barely miss the adder.
The adder is severely wounded.
* * * LOW HITPOINT WARNING * * *
You feel sick. The adder closely misses you. The adder barely misses you.
It was a potion of mutation.
You feel extremely strange.
You feel less in control of your magic.
You feel more energetic.
You feel stupid.
You feel clever.
* * * LOW HITPOINT WARNING * * *
You feel sick. The adder barely misses you.
It was a potion of resistance.
You feel protected.
* * * LOW HITPOINT WARNING * * *
You feel sick. The adder barely misses you.
It was a potion of haste.
You feel yourself speed up.
* * * LOW HITPOINT WARNING * * *
You feel sick. The adder closely misses you.
Okay, then.
It was a potion of brilliance.
You feel clever all of a sudden. The adder bites you but does no damage.
It was a potion of attraction.
You feel attractive to monsters.
You die...

...(#...##### #∩#
#.......... #~#
###......#### #~#
........## #~#
#......[# #~#
........# ###~# ##
..###...## #.#~# ..
.. #....#####.#S#.#
. #.......##..@.#
########.......#
#...............#
#..........####....
#..........# #....
...........# .##..
(..........# ## .
...........#
............


You could see an adder.

Vanquished Creatures
  A scorpion (D:4)
  2 hounds
  Natasha (thrice) (D:3)
  An orc wizard (D:3)
  2 adders
  2 worms
  2 dart slugs (D:4)
  2 orcs (D:3)
  2 endoplasms
  A giant cockroach (D:2)
  4 goblins
  8 hobgoblins
  4 jackals (D:1)
  6 quokkas
  7 ball pythons
  A ball python zombie (D:3)
  4 bats
  2 frilled lizards (D:1)
  A jackal zombie (D:3)
  6 kobolds
  4 rats
65 creatures vanquished.

Notes
Turn   | Place    | Note
-------+----------+-------------------------------------------
     0 | D:1      | nshep25 the Demonspawn Gladiator began the quest for the
                  | Orb.
     0 | D:1      | Reached XP level 1. HP: 16/16 MP: 1/1
   123 | D:1      | Gained mutation: You are surrounded by a mild repulsion
                  | field. (EV +2) [demonic ancestry]
   123 | D:1      | Reached XP level 2. HP: 12/22 MP: 2/2
   374 | D:1      | Reached skill level 3 in Staves
   914 | D:1      | Found a faded altar of an unknown god.
  1146 | D:1      | Found an iron altar of Okawaru.
  1362 | D:2      | Reached XP level 3. HP: 27/27 MP: 3/3
  2127 | D:3      | Found a stormy altar of Qazlal.
  2127 | D:3      | Found an opulent altar of Gozag.
  2130 | D:3      | Found a blossoming altar of Fedhas.
  2173 | D:3      | Noticed Natasha
  2184 | D:3      | Killed Natasha
  2185 | D:3      | Reached XP level 4. HP: 23/33 MP: 4/4
  2362 | D:3      | Noticed Natasha
  2375 | D:3      | Killed Natasha
  2593 | D:3      | Reached skill level 4 in Staves
  2593 | D:3      | Reached skill level 1 in Armour
  2655 | D:3      | Found a basalt altar of Yredelemnul.
  3074 | D:3      | Noticed Natasha
  3084 | D:3      | Killed Natasha
  3085 | D:3      | Gained mutation: You are surrounded by a moderate repulsion
                  | field. (EV +3) [demonic ancestry]
  3085 | D:3      | Reached XP level 5. HP: 28/39 MP: 5/5
  3219 | D:3      | Found a sacrificial altar of Ru.
  3259 | D:3      | Found an ancient bone altar of Kikubaaqudgha.
  3328 | D:4      | Found an ornate altar of the Wu Jian Council.
  3336 | D:4      | Became a worshipper of the Wu Jian Council
  3402 | D:4      | Reached skill level 1 in Stealth
  3402 | D:4      | Found a runed translucent gate.
  3402 | D:4      | Found a runed translucent gate.
  3567 | D:4      | Found a runed translucent gate.
  3569 | D:4      | Noticed safid's ghost (amateur MiHu)
  3570 | D:4      | Noticed retardedninja's ghost (amateur HOFi)
  3570 | D:4      | Noticed deadpool521's ghost (weakling DrCA)
  3570 | D:4      | Noticed xian's ghost (novice DsIE)
  3807 | D:4      | Reached XP level 6. HP: 41/46 MP: 6/6
  4194 | D:5      | Entered Level 5 of the Dungeon
  4305 | D:5      | Found a glowing drain.
  4315 | D:5      | Gained mutation: Your spells are a little harder to cast,
                  | but a little more powerful. [potion of mutation]
  4315 | D:5      | Gained mutation: You have an increased reservoir of magic.
                  | (+10% MP) [potion of mutation]
  4315 | D:5      | Gained mutation: You are dopey. (Int -2) [potion of
                  | mutation]
  4315 | D:5      | Lost mutation: You are dopey. (Int -2) [potion of mutation]
  4316 | D:5      | HP: 2/46 [poisoned by an adder]
  4319 | D:5      | Succumbed to an adder's poison

Illustrated notes

Levels and vault maps discovered:
D:1:      dpeg_arrival_water_altar, layout_loops_ring,
          chequers_ecumenical_altar_grove, kennysheep_decorative_pillar
D:2:      layout_loops_ring
D:3:      layout_basic, lemuel_zombie_altar_yredelemnul,
          nicolae_overflow_hidden_temple, mainiacjoe_overflow_two_lobes,
          serial_curves, eino_curves_03, eino_curves_02, eino_curves_02,
          uniq_natasha
D:4:      layout_gridville, overflow_temple_1_default, gammafunk_ghost_cemetery
D:5:      layout_rooms, serial_shops, shop, portal_sewer_entry_d,
          minmay_ruined_shrine

Skill      XL: |  1  2  3  4  5 |
---------------+----------------+-----
Dodging        | 3 |  3.6
Staves         | 3 4 |  4.6
Armour         | 1 |  1.9
Stealth        | 1 |  1.2
Fighting       | |  2.7
Long Blades    | |  0.4
Throwing       | |  1.8
Spellcasting   | |  0.2

Action                   |  1- 3 |  4- 6 || total
-------------------------+-------+-------++-------
Melee: Quarterstaff      |   106 |    64 ||   170
       Falchion          |       |    57 ||    57
       Punch             |       |     3 ||     3
Invok: Lunge             |       |     7 ||     7
  Use: Potion            |       |     5 ||     5
 Stab: Sleeping          |       |     2 ||     2
Armor: Leather armour    |    28 |    25 ||    53
Dodge: Dodged            |    88 |   101 ||   189
